 Dungeon Crawl Stone Soup version 0.22-a0-803-gd6d8abeff0 (webtiles) character file.

712 Myndigheten the Conjurer (level 7, 0/51 HPs)
             Began as a Demonspawn Wanderer on July 22, 2018.
             Slain by a worker ant (7 damage)
             ... on level 5 of the Dungeon.
             The game lasted 00:13:59 (5318 turns).

Myndigheten the Conjurer (Demonspawn Wanderer)      Turns: 5318, Time: 00:13:59

Health: 0/51       AC:  2    Str: 11    XL:     7   Next: 41%
Magic:  1/13       EV: 11    Int: 17    God:
Gold:   247        SH:  0    Dex: 12    Spells: 12/15 levels left

rFire    . . .     SeeInvis .   m - +4 spear of the Desert {freeze, +Fly rC+}
rCold    + . .     Gourm    .   (no shield)
rNeg     . . .     Faith    .   d - +0 robe
rPois    .         Spirit   .   (no helmet)
rElec    .         Reflect  .   (no cloak)
rCorr    .         Harm     .   (no gloves)
MR       .....                  (no boots)
Stlth    ++........             (no amulet)
HPRegen  0.17/turn              (no ring)
MPRegen  0.13/turn              (no ring)

@: very slightly contaminated
A: claws 1, powered by pain 1
a: Evoke Flight


You were on level 5 of the Dungeon.
You were not hungry.

You visited 1 branch of the dungeon, and saw 5 of its levels.

You collected 247 gold pieces.

Inventory:

Hand Weapons
 b - a +0 spear
 l - a +0 spear of freezing
 m - the +4 spear of the Desert (weapon) {freeze, +Fly rC+}
   (You found it on level 4 of the Dungeon)

   It has been specially enchanted to freeze those struck by it, causing extra
   injury to most foes and up to half again as much damage against particularly
   susceptible opponents.
   It can also slow down cold-blooded creatures.
   It protects you from cold.
   It lets you fly.
Missiles
 j - 50 stones (quivered)
 u - 2 throwing nets
Armour
 d - a +0 robe (worn)
 h - a +0 ring mail
Scrolls
 a - 4 scrolls of enchant weapon {unknown}
 c - a scroll of teleportation
 e - a scroll of magic mapping {unknown}
 g - 3 scrolls of fog {unknown}
 k - 8 scrolls of identify {unknown}
 n - a scroll of enchant armour {unknown}
 o - 3 scrolls of blinking {unknown}
 p - a scroll of remove curse {unknown}
 s - a scroll of fear {unknown}
Potions
 i - a potion of curing
 q - a potion of degeneration {unknown}
 r - a potion of flight {unknown}
 t - a potion of heal wounds
 v - a potion of might {unknown}
Comestibles
 f - 8 rations


   Skills:
 - Level 2.5 Fighting
 + Level 2.1 Polearms
 - Level 1.0 Throwing
 - Level 1.0 Dodging
 - Level 1.0 Stealth
 + Level 4.5 Spellcasting
 * Level 5.7 Conjurations
 - Level 2.6 Earth Magic


You had 12 spell levels left.
You knew the following spells:

 Your Spells              Type           Power        Failure   Level  Hunger
a - Stone Arrow           Conj/Erth      ###...       8%          3    ###....

Your spell library contained the following spells:

 Spells                   Type           Power        Failure   Level  Hunger
 Animate Dead             Necr           N/A          83%         4    ####...
 Pain                     Necr           #...         16%         1    None
 Animate Skeleton         Necr           N/A          16%         1    None
 Vampiric Draining        Necr           #.........   41%         3    ###....
 Regeneration             Chrm/Necr      #.........   41%         3    ###....
 Passwall                 Tmut/Erth      #.......     13%         2    ##.....
 Lee's Rapid Deconstruct  Erth           ##........   80%         5    ######.
 Sandblast                Erth           ##....       4%          1    None
 Petrify                  Tmut/Erth      #.......     65%         4    ####...


Dungeon Overview and Level Annotations

Branches:
Dungeon (5/15)
 Temple: D:4-7

Altars:
Cheibriados
Qazlal


Innate Abilities, Weirdness & Mutations

You have sharp fingernails.
You sometimes gain a little power by taking damage.


Message History

Aim: a worker ant (almost dead)
You miscast Stone Arrow.
Your skin glows momentarily.
You feel sick. The worker ant bites you.
* * * LOW HITPOINT WARNING * * *
You are more poisoned.
The worker ant poisons you!
Casting: Stone Arrow (safe; 8% risk of failure)
Confirm with . or Enter, or press ? or * to list all spells.
Aiming: Stone Arrow (safe; 8% risk of failure)
Press: ? - help, Shift-Dir - straight line, f/p - worker ant
Aim: a worker ant (almost dead)
The stone arrow misses the worker ant.
* * * LOW HITPOINT WARNING * * *
You feel sick. The worker ant closely misses you.
You feel better. The worker ant barely misses you. The worker ant bites you!
* * * LOW HITPOINT WARNING * * *
You hit the worker ant but do no damage.
The worker ant is almost dead.
The worker ant bites you!
You die...

.. ... .... ###
#.... ....###
#>....
.......###....=.
.........a.....#
#.<....<@.....#
##..............
##.............
#.............
#...######....
#..># .... #..#
..# ..# ##


You could see a worker ant.

Vanquished Creatures
  A centaur (D:4)
  A big kobold (D:3)
  A scorpion (D:4)
  A bullfrog zombie (D:4)
  2 hounds (D:4)
  An orc priest (D:4)
  A bullfrog skeleton (D:4)
  3 orc wizards
  A worker ant (D:4)
  2 gnolls (D:1)
  A howler monkey skeleton (D:4)
  8 adders
  A shadow imp (D:5)
  2 oozes
  2 worms (D:4)
  3 dart slugs
  3 leopard geckos
  12 orcs
  2 ball pythons
  4 giant cockroaches
  9 goblins
  9 hobgoblins
  2 jackals (D:2)
  13 kobolds
  A ball python skeleton (D:4)
  4 bats (D:1)
  6 frilled lizards
  A leopard gecko skeleton (D:4)
  9 rats
106 creatures vanquished.

Vanquished Creatures (others)
  An orc wizard (D:4)
1 creature vanquished.

Grand Total: 107 creatures vanquished

Notes
Turn   | Place    | Note
-------+----------+-------------------------------------------
     0 | D:1      | Myndigheten the Demonspawn Wanderer began the quest for the Orb.
     0 | D:1      | Myndigheten set off with: a +0 spear, a scroll of teleportation, a +0 robe, a ration
     0 | D:1      | Reached XP level 1. HP: 15/15 MP: 3/3
   133 | D:1      | Gained mutation: You sometimes gain a little power by taking damage. [demonic ancestry]
   133 | D:1      | Reached XP level 2. HP: 10/22 MP: 5/5
   883 | D:1      | Gained mutation: You have sharp fingernails. [demonic ancestry]
   883 | D:1      | Reached XP level 3. HP: 23/28 MP: 6/6
   905 | D:1      | Learned a level 3 spell: Stone Arrow
  1164 | D:1      | Reached skill level 1 in Conjurations
  1702 | D:2      | Reached XP level 4. HP: 26/34 MP: 8/8
  1926 | D:2      | Reached skill level 2 in Conjurations
  2667 | D:2      | Reached XP level 5. HP: 37/39 MP: 9/9
  2939 | D:3      | Reached skill level 3 in Conjurations
  3095 | D:3      | Noticed an air elemental
  3099 | D:3      | Found a stormy altar of Qazlal.
  3340 | D:3      | Found a snail-covered altar of Cheibriados.
  3391 | D:3      | Noticed a water elemental
  3391 | D:3      | Noticed a fire elemental
  3719 | D:3      | Reached skill level 4 in Conjurations
  3719 | D:3      | Reached XP level 6. HP: 15/46 MP: 11/11
  4139 | D:4      | HP: 2/46 [centaur (5)]
  4396 | D:4      | Reached skill level 5 in Conjurations
  4406 | D:4      | Reached XP level 7. HP: 16/51 MP: 1/13
  4645 | D:4      | Got an ancient spear
  4646 | D:4      | Identified the +4 spear of the Desert {freeze, +Fly rC+} (You found it on level 4 of the Dungeon)
  5301 | D:5      | Entered Level 5 of the Dungeon
  5318 | D:5      | Slain by a worker ant

Vault maps used:
D:1:      lightli_arrival_farm
D:3:      cheibrodos_thug_alley, nicolae_qazlal_style_of_elements,
          old_standard_altar, serial_forest, infiniplex_forest_clump_large,
          infiniplex_forest_lined_corner, infiniplex_forest_lined_room_2,
          infiniplex_forest_straight_3, infiniplex_forest_end_2,
          infiniplex_forest_clump_small, infiniplex_forest_straight_3,
          grunt_ministairs_6
D:4:      first_ration, minmay_misc_feat_tiny
D:5:      kennysheep_dice

Skill      XL: |  1  2  3  4  5  6  7 |
---------------+----------------------+-----
Fighting       | 2 |  2.5
Conjurations   | 1 2 4 5 |  5.7
Spellcasting   | 3 4 |  4.5
Polearms       | 2 |  2.1
Throwing       | |  1.0
Dodging        | |  1.0
Stealth        | |  1.0
Earth Magic    | |  2.6

Action                   |  1- 3 |  4- 6 |  7- 9 || total
-------------------------+-------+-------+-------++-------
Melee: Spear             |   148 |   274 |    64 ||   486
 Cast: Stone Arrow       |       |     6 |     6 ||    12
  Use: Potion            |       |     8 |     1 ||     9
 Stab: Sleeping          |       |     1 |     3 ||     4
  Eat: Chunk             |     1 |     8 |     3 ||    12
       Ration            |       |     1 |       ||     1
Armor: Robe              |    10 |     2 |     1 ||    13
       Ring mail         |    18 |    72 |       ||    90
       Skin              |       |     8 |       ||     8
Dodge: Dodged            |    73 |   146 |    20 ||   239

Table legend:
 A = Spawn XP
 B = Non-spawn XP
 C = Spawn XP percentage of total XP
 D = Spawn monster count
 E = Non-spawn monster count
 F = Spawn count percentage of total count
 G = Total turns spent on level
                    A         B        C        D         E        F      G
               +---------+---------+-------+---------+---------+-------+---------
         Total |       0 |    1018 |   0.0 |       0 |     107 |   0.0 |  5318
               +---------+---------+-------+---------+---------+-------+---------
           D:1 |       0 |      87 |   0.0 |       0 |      35 |   0.0 |  1682
           D:2 |       0 |     111 |   0.0 |       0 |      20 |   0.0 |  1029
           D:3 |       0 |     187 |   0.0 |       0 |      23 |   0.0 |  1390
           D:4 |       0 |     621 |   0.0 |       0 |      28 |   0.0 |  1200
           D:5 |       0 |      12 |   0.0 |       0 |       1 |   0.0 |    17
               +---------+---------+-------+---------+---------+-------+---------
